 Dungeon Crawl Stone Soup version 0.20-a0-940-g1ecfa5a (webtiles) character file.

116 Firecrotchwizard the Spear-Bearer (level 5, 0/38 HPs)
             Began as a Merfolk Gladiator on Mar 31, 2017.
             Slain by an orc
             ... wielding a +0 flail
              (5 damage)
             ... on level 4 of the Dungeon.
             The game lasted 00:05:09 (1957 turns).

Firecrotchwizard the Spear-Bearer (MfGl)            Turns: 1957, Time: 00:05:10

Health: 0/38       AC:  8    Str: 14    XL:     5   Next: 0%
Magic:  5/5        EV: 13    Int:  7    God:
Gold:   84         SH:  0    Dex: 17    Spells: 4/4 levels left

rFire    . . .     SeeInvis .   a - +1 trident
rCold    . . .     Gourm    .   (no shield)
rNeg     . . .     Faith    .   q - +0 ring mail (curse)
rPois    .         Spirit   .   c - +1 helmet
rElec    .         Reflect  .   (no cloak)
rCorr    .         Harm     .   (no gloves)
MR       .....     Rnd*Tele +   i - +0 pair of boots
Stlth    +.........             (no amulet)
Regen    0.2/turn               k - ring of teleportation (curse)
MPRegen  0.1/turn               (no ring)

@: no status effects
A: change form in water, swift swim, stealthy swim
a: no special abilities


You were on level 4 of the Dungeon.
You were not hungry.

You visited 1 branch of the dungeon, and saw 4 of its levels.

You collected 84 gold pieces.

Inventory:

Hand Weapons
 a - a +1 trident (weapon)
Missiles
 d - 3 throwing nets (quivered)
Armour
 b - a +0 leather armour
 c - a +1 helmet (worn)
 i - a +0 pair of boots (worn)
 q - a cursed +0 ring mail (worn)
 t - a +0 ring mail
Jewellery
 k - a cursed ring of teleportation (left hand)
Scrolls
 g - 2 scrolls of identify
 j - 2 scrolls of teleportation
 l - a scroll of fog
 m - a scroll of fear
 r - a scroll of enchant weapon
Potions
 e - 3 potions of heal wounds
 h - a potion of degeneration {unknown}
 n - a potion of mutation {unknown}
 s - a potion of flight {unknown}
Comestibles
 f - 2 bread rations
 o - 4 chunks of flesh
 p - a meat ration


   Skills:
 - Level 2.1 Fighting
 + Level 8.0 Polearms
 - Level 2.0 Throwing
 - Level 4.0 Dodging


You had 4 spell levels left.
You didn't know any spells.

Dungeon Overview and Level Annotations

Branches:
Dungeon (4/15)
 Temple: D:4-7

Altars:


Message History

You hit the orc but do no damage. The orc barely misses you.
The orc hits you but does no damage.
You hit the orc but do no damage. The orc hits you but does no damage.
The orc barely misses you.
You hit the orc but do no damage. The orc closely misses you.
You hit the orc but do no damage. The orc barely misses you.
The orc hits you with a short sword.
You hit the orc but do no damage. The orc hits you with a flail.
* * * LOW HITPOINT WARNING * * *
You completely miss the orc. The orc completely misses you.
The orc hits you with a flail.
* * * LOW HITPOINT WARNING * * *
You barely miss the orc. The orc barely misses you.
You hit the orc.
The orc is lightly wounded.
The orc hits you but does no damage. The orc barely misses you.
You barely miss the orc.
The orc is lightly wounded.
The orc completely misses you. The orc hits you with a flail.
You die...

### +.. #
#.##.#
#....#.#
#@.....#
......o.o#..##
...$.....# ...
.......!.. #
...........
.....##(....
..... .....##
..... ......


You could see 2 orcs.

Vanquished Creatures
  An orc priest (D:3)
  3 adders
  3 worms
  A dart slug (D:1)
  4 leopard geckos
  An orc (D:3)
  5 bats
  4 giant cockroaches
  4 goblins
  6 hobgoblins
  A ball python (D:1)
  5 frilled lizards
  5 kobolds
  4 rats
47 creatures vanquished.

Notes
Turn   | Place    | Note
-------+----------+-------------------------------------------
     0 | D:1      | Firecrotchwizard the Merfolk Gladiator began the quest for the Orb.
     0 | D:1      | Reached XP level 1. HP: 16/16 MP: 1/1
   157 | D:1      | Reached skill level 5 in Polearms
   168 | D:1      | Reached XP level 2. HP: 22/22 MP: 2/2
   985 | D:2      | Reached skill level 6 in Polearms
   985 | D:2      | Reached XP level 3. HP: 27/27 MP: 3/3
  1494 | D:3      | Reached skill level 7 in Polearms
  1494 | D:3      | Reached XP level 4. HP: 32/33 MP: 4/4
  1937 | D:3      | Reached skill level 8 in Polearms
  1937 | D:3      | Reached XP level 5. HP: 34/38 MP: 5/5
  1957 | D:4      | Slain by an orc

Vault maps used:
D:1:      lemuel_arrival_room, serial_forest, infiniplex_forest_zigzag_2,
          infiniplex_forest_join, infiniplex_forest_lined_4_way,
          infiniplex_forest_clump_cross, infiniplex_forest_lined_corner,
          infiniplex_forest_split, infiniplex_forest_lined_3,
          infiniplex_forest_fountain, infiniplex_forest_fountain
D:3:      kennysheep_slug_shrine, uniq_natasha
D:4:      uniq_blork_the_orc, uniq_iyjb, uniq_pikel

Skill      XL: |  1  2  3  4 |
---------------+-------------+-----
Polearms       | 5 6 7 8 |  8.0
Fighting       | |  2.1
Throwing       | |  2.0
Dodging        | |  4.0

Action                   |  1- 3 |  4- 6 || total
-------------------------+-------+-------++-------
Melee: Trident           |   116 |    63 ||   179
  Use: Scroll            |       |     6 ||     6
 Stab: Sleeping          |     4 |       ||     4
  Eat: Chunk             |     2 |     1 ||     3
Armor: Leather armour    |    13 |     1 ||    14
       Ring mail         |       |    15 ||    15
Dodge: Dodged            |    58 |    41 ||    99
